 Dungeon Crawl Stone Soup version 0.21.1-1-g345015f (webtiles) character file.

18036 wojtek the Geomancer (level 12, -3/59 HPs)
             Began as a Deep Elf Earth Elementalist on June 30, 2018.
             Was an Elder of Vehumet.
             Slain by an ice devil (12 damage)
             ... in an ice cave on July 1, 2018.
             The game lasted 00:40:56 (15674 turns).

wojtek the Geomancer (Deep Elf Earth Elementalist) Turns: 15674, Time: 00:40:57

Health: -3/59      AC:  8    Str:  5    XL:     12   Next: 24%
Magic:  19/42      EV: 18    Int: 26    God:    Vehumet [****..]
Gold:   521        SH:  5    Dex: 15    Spells: 18/29 levels left

rFire    + . .     SeeInvis .   b - staff of power
rCold    + + .     Gourm    .   R - +0 buckler
rNeg     . . .     Faith    .   Y - +1 robe {rF+}
rPois    .         Spirit   .   z - +2 hat
rElec    .         Reflect  .   P - +2 cloak {MR+}
rCorr    .         Harm     .   (no gloves)
MR       ++...                  (no boots)
Stlth    ++........             y - amulet of magic regeneration
HPRegen  0.19/turn              v - ring of protection from cold
MPRegen  0.53/turn              Z - ring of protection from cold

@: very slightly contaminated
A: no striking features
a: Renounce Religion


You were in an ice cave.
You worshipped Vehumet.
Vehumet was greatly pleased with you.
You were not hungry.

You visited 3 branches of the dungeon, and saw 14 of its levels.
You also visited: Ice Cave.

You collected 850 gold pieces.
You spent 329 gold pieces at shops.

Inventory:

Hand Weapons
 a - the +7 scimitar of Contention {freeze, rC+}
   (You found it on level 10 of the Dungeon)

   It has been specially enchanted to freeze those struck by it, causing extra
   injury to most foes and up to half again as much damage against particularly
   susceptible opponents.
   It can also slow down cold-blooded creatures.
   It protects you from cold.
 T - a +1 dagger of protection
Missiles
 m - 7 javelins of penetration (quivered)
 B - 527 stones
Armour
 z - a +2 hat (worn)
 P - a +2 cloak of magic resistance (worn)
 R - a +0 buckler (worn)
 Y - a +1 robe of fire resistance (worn)
Magical Staves
 b - an uncursed staff of power (weapon)
 c - an uncursed staff of wizardry
Jewellery
 g - an uncursed ring of flight
 v - a ring of protection from cold (left hand)
 y - an amulet of magic regeneration (around neck)
 K - an uncursed ring of protection from magic
 Z - a ring of protection from cold (right hand)
Wands
 p - a wand of disintegration (29)
 J - a wand of scattershot (8)
 N - a wand of acid (23)
 O - a wand of iceblast (4)
Scrolls
 h - 7 scrolls of teleportation
 l - 13 scrolls of remove curse
 r - 4 scrolls of identify
 t - 2 scrolls of blinking
 M - 2 scrolls of fog
Potions
 j - a potion of magic
 k - 6 potions of brilliance
 n - 7 potions of curing
 s - 3 potions of agility
 w - 2 potions of degeneration {unknown}
 x - a potion of heal wounds
 A - a potion of mutation {unknown}
 S - 2 potions of ambrosia {unknown}
 V - a potion of haste {unknown}
Books
 e - a book of Geomancy

   Spells                             Type                      Level
   a - Sandblast                      Earth                        1
   b - Passwall                       Transmutation/Earth          2
   c - Stone Arrow                    Conjuration/Earth            3
   d - Petrify                        Transmutation/Earth          4
   e - Lee's Rapid Deconstruction     Earth                        5
 D - a book of Misfortune

   Spells                             Type                      Level
   a - Confusing Touch                Hexes                        1
   b - Confuse                        Hexes                        3
   c - Gell's Gravitas                Translocation                3
   d - Petrify                        Transmutation/Earth          4
   e - Metabolic Englaciation         Hexes/Ice                    5
   f - Yara's Violent Unravelling     Hexes/Transmutation          5
Comestibles
 d - 37 rations


   Skills:
 - Level 8.7 Dodging
 - Level 2.4 Stealth
 - Level 3.5 Shields
 - Level 9.2 Spellcasting
 + Level 12.5 Conjurations
 - Level 1.1 Transmutations
 + Level 13.8 Earth Magic


You had 18 spell levels left.
You knew the following spells:

 Your Spells              Type           Power        Failure   Level  Hunger
a - Stone Arrow           Conj/Erth      ######       1%          3    None
b - Sandblast             Erth           ######       0%          1    None
l - Lee's Rapid Deconstr  Erth           ######....   1%          5    ####...
p - Passwall              Tmut/Erth      ######....   1%          2    None


Dungeon Overview and Level Annotations

Branches:
Dungeon (11/15)            Temple (1/1) D:5            Lair (2/6) D:11
 Shoals (0/4) Lair:2          Orc (0/2) D:9
  Snake: Lair:2-4    Spider: Lair:2-4

Altars:
Ashenzari
Cheibriados
Dithmenos
Elyvilon
Fedhas
Gozag
Hepliaklqana
Kikubaaqudgha
Makhleb
Nemelex Xobeh
Okawaru
Qazlal
Ru
Sif Muna
Trog
Uskayaw
Vehumet
Wu Jian
Xom
Yredelemnul
Zin
The Shining One

Shops:
D:7 =?}(!   D:10 }

Annotations:
D:4 Recruiting's ghost, amateur MiBe
D:7 2 transporters


Message History

Confirm with . or Enter, or press ? or * to list all spells.
Aiming: Stone Arrow
Press: ? - help, Shift-Dir - straight line, f/p - ice devil
Aim: an ice devil (severely wounded)
The stone arrow misses the ice devil.
The ice devil barely misses you. The ice devil closely misses you.
Casting: Stone Arrow
Confirm with . or Enter, or press ? or * to list all spells.
Aiming: Stone Arrow
Press: ? - help, Shift-Dir - straight line, f/p - ice devil
Aim: an ice devil (severely wounded)
The stone arrow hits the ice devil.
The ice devil is almost dead.
The ice devil hits you!
* * * LOW HITPOINT WARNING * * *
The ice devil freezes you. You resist.
* * * LOW HITPOINT WARNING * * *
The ice devil closely misses you. The ice devil hits you!
You die...

.... .... .....
##### .....#
###...##
......####.....@##
........#......4.#
.............∩∩4.#
.................#
......##..##....##
4.... ######..##
.... #### ... ..


You could see 2 ice devils.

Vanquished Creatures
  A centaur warrior (D:11)
  A hydra (D:11)
  3 two-headed ogres
  Pikel (D:6)
  A manticore (D:11)
  The ghost of Recruiting the Fighter, a novice MiBe of Trog (D:6)
  Psyche (D:8)
  A spiny frog (Lair:1)
  2 komodo dragons
  4 ice devils
  4 polar bears (Lair:1)
  A queen bee (D:10)
  A hippogriff (D:10)
  4 yaks
  The ghost of Recruiting the Skirmisher, an amateur HOBe of Trog (D:5)
  A wyvern (D:8)
  A human (D:8)
  2 basilisks
  3 hogs (D:8)
  An acid dragon (D:11)
  4 wargs
  3 water moccasins
  A porcupine (Lair:1)
  3 sky beasts
  2 orc warriors
  6 black bears (Lair:1)
  6 ice beasts
  A phantom (D:7)
  6 ogres
  14 centaurs
  A big kobold (D:11)
  A crocodile (Lair:1)
  A gnoll sergeant (D:7)
  10 bullfrogs
  2 scorpions
  29 killer bees
  8 wights
  8 crimson imps
  4 howler monkeys
  A bullfrog zombie (D:5)
  7 hounds
  A centaur zombie (D:5)
  4 jellies
  4 orc priests
  6 orc wizards
  A centaur skeleton (D:6)
  5 iguanas
  Ijyb (D:3)
  11 worker ants
  A hound zombie (D:5)
  9 gnolls
  A howler monkey skeleton (D:4)
  13 adders
  2 shadow imps
  2 oozes (D:1)
  3 adder skeletons
  2 worms (D:2)
  4 dart slugs
  5 leopard geckos
  44 orcs
  5 bats
  3 giant cockroaches
  7 goblins
  7 hobgoblins
  19 jackals
  6 kobolds
  3 quokkas
  7 frilled lizards
  A giant cockroach zombie (D:5)
  A jackal skeleton (D:5)
  A quokka zombie (D:5)
  6 rats
338 creatures vanquished.

Vanquished Creatures (others)
  3 slaves (D:6)
  A scorpion (D:6)
  A hound (D:6)
  An orc priest (D:6)
  16 plants (D:11)
22 creatures vanquished.

Grand Total: 360 creatures vanquished

Notes
Turn   | Place    | Note
-------+----------+-------------------------------------------
     0 | D:1      | wojtek the Deep Elf Earth Elementalist began the quest for the Orb.
     0 | D:1      | Reached XP level 1. HP: 10/10 MP: 6/6
   333 | D:1      | Reached skill level 4 in Earth Magic
   333 | D:1      | Reached XP level 2. HP: 15/15 MP: 5/8
   715 | D:1      | Reached XP level 3. HP: 14/19 MP: 6/9
  1219 | D:2      | Learned a level 3 spell: Stone Arrow
  1246 | D:2      | Reached skill level 5 in Earth Magic
  2175 | D:2      | Found a bloodstained altar of Trog.
  2354 | D:2      | Reached XP level 4. HP: 24/24 MP: 6/10
  2467 | D:3      | Found an ancient bone altar of Kikubaaqudgha.
  2485 | D:3      | Found a blossoming altar of Fedhas.
  2816 | D:2      | Reached skill level 6 in Earth Magic
  3025 | D:3      | Reached XP level 5. HP: 28/28 MP: 7/11
  3106 | D:3      | Found a sacrificial altar of Ru.
  3235 | D:3      | Found an opulent altar of Gozag.
  3487 | D:3      | Noticed Ijyb
  3524 | D:3      | Killed Ijyb
  4021 | D:4      | Found a deep blue altar of Sif Muna.
  4177 | D:4      | Reached skill level 1 in Conjurations
  4269 | D:4      | Reached skill level 7 in Earth Magic
  4371 | D:4      | Reached XP level 6. HP: 32/32 MP: 8/12
  4917 | D:4      | Noticed Recruiting's ghost (amateur MiBe)
  5317 | D:5      | Entered Level 5 of the Dungeon
  5370 | D:5      | Noticed a sky beast
  5549 | D:5      | Killed a sky beast
  5549 | D:5      | Reached XP level 7. HP: 24/36 MP: 4/13
  5654 | D:5      | Reached skill level 8 in Earth Magic
  5986 | D:5      | Noticed Recruiting's ghost (amateur HOBe)
  5989 | D:5      | Reached skill level 5 in Conjurations
  6435 | D:5      | Found a staircase to the Ecumenical Temple.
  6456 | Temple   | Entered the Ecumenical Temple
  6527 | Temple   | Became a worshipper of Vehumet
  6653 | D:5      | Found a burning altar of Makhleb.
  6836 | D:5      | Killed Recruiting's ghost
  6836 | D:5      | Reached skill level 9 in Earth Magic
  6836 | D:5      | Reached XP level 8. HP: 28/41 MP: 1/15
  7213 | D:6      | Learned a level 2 spell: Passwall
  7259 | D:6      | Reached skill level 5 in Spellcasting
  7472 | D:6      | Found a glowing golden altar of the Shining One.
  7477 | D:6      | Reached XP level 9. HP: 45/45 MP: 8/20
  7602 | D:6      | Reached skill level 10 in Earth Magic
  7619 | D:6      | Found a white marble altar of Elyvilon.
  7649 | D:6      | Reached * piety under Vehumet
  7649 | D:6      | Offered knowledge of Shock by Vehumet.
  7940 | D:6      | Noticed Pikel
  7949 | D:6      | Killed Pikel
  8481 | D:7      | Learned a level 5 spell: Lee's Rapid Deconstruction
  8520 | D:7      | Found a transporter.
  8520 | D:7      | Found a shattered altar of Ashenzari.
  8521 | D:7      | Noticed a six-headed hydra
  8533 | D:7      | Found a transporter.
  8535 | D:7      | Found Voifyubb's Jewellery Emporium.
  8536 | D:7      | Found Zalog's Magic Scroll Shoppe.
  8609 | D:7      | Bought a scroll of teleportation for 39 gold pieces
  8609 | D:7      | Bought a scroll of blinking for 97 gold pieces
  8609 | D:7      | Bought a scroll of identify for 26 gold pieces
  8609 | D:7      | Bought a scroll of amnesia for 45 gold pieces
  8609 | D:7      | Bought a scroll of fog for 26 gold pieces
  8702 | D:7      | Reached ** piety under Vehumet
  8702 | D:7      | Offered knowledge of Magic Dart by Vehumet.
  8711 | D:7      | Reached skill level 11 in Earth Magic
  8790 | D:7      | Found Zujuzxeu's Distillery.
  8794 | D:7      | Bought a potion of heal wounds for 60 gold pieces
  8794 | D:7      | Bought a potion of curing for 36 gold pieces
  8947 | D:7      | Found a hazy altar of Hepliaklqana.
  8958 | D:7      | Reached XP level 10. HP: 50/50 MP: 10/25
  9012 | D:7      | Found Koxue's Gadget Shoppe.
  9162 | D:7      | Found Mamaabla's Weapon Boutique.
  9431 | D:8      | Offered knowledge of Throw Frost by Vehumet.
  9487 | D:8      | Found a white marble altar of Elyvilon.
  9730 | D:8      | Reached *** piety under Vehumet
  9909 | D:8      | Noticed Psyche
  9913 | D:8      | Killed Psyche
 10236 | D:9      | Reached skill level 5 in Dodging
 10236 | D:9      | Reached skill level 10 in Conjurations
 10486 | D:9      | Found an ornate altar of the Wu Jian Council.
 10507 | D:9      | Found a sacrificial altar of Ru.
 10670 | D:9      | Offered knowledge of Iskenderun's Mystic Blast by Vehumet.
 10679 | D:9      | Found a hide-covered altar of Uskayaw.
 10771 | D:9      | Reached skill level 12 in Earth Magic
 11104 | D:9      | Found a staircase to the Orcish Mines.
 11163 | D:9      | Noticed a two-headed ogre
 11170 | D:9      | Killed a two-headed ogre
 11738 | D:10     | Entered Level 10 of the Dungeon
 11769 | D:10     | Reached XP level 11. HP: 48/54 MP: 26/26
 11863 | D:10     | Reached **** piety under Vehumet
 12085 | D:10     | Found Qoosis's Gadget Shop.
 12123 | D:10     | Got a fine scimitar
 12124 | D:10     | Identified the +7 scimitar of Contention {freeze, rC+} (You found it on level 10 of the Dungeon)
 12168 | D:10     | Offered knowledge of Bolt of Magma by Vehumet.
 12175 | D:10     | Reached skill level 1 in Shields
 12564 | D:11     | Noticed a two-headed ogre
 12567 | D:11     | Killed a two-headed ogre
 12753 | D:11     | Noticed a seven-headed hydra
 12756 | D:11     | Killed a seven-headed hydra
 12842 | D:11     | HP: 2/54 [centaur/arrow (6)]
 13077 | D:11     | Reached ***** piety under Vehumet
 13077 | D:11     | Offered knowledge of Venom Bolt by Vehumet.
 13388 | D:11     | Found a staircase to the Lair.
 13458 | D:11     | Found a shimmering altar of Xom.
 13730 | D:6      | Noticed Recruiting's ghost (novice MiBe)
 13745 | D:6      | Killed Recruiting's ghost
 14101 | D:11     | Reached skill level 13 in Earth Magic
 14192 | D:11     | Noticed a centaur warrior
 14254 | D:11     | Killed a centaur warrior
 14495 | D:11     | Noticed a two-headed ogre
 14499 | D:11     | Killed a two-headed ogre
 14526 | Lair:1   | Entered Level 1 of the Lair of Beasts
 14792 | Lair:1   | Reached XP level 12. HP: 59/59 MP: 27/27
 15569 | Lair:2   | Found a frozen archway.
 15613 | IceCv    | Entered an ice cave
 15674 | IceCv    | Slain by an ice devil

Skill      XL: |  1  2  3  4  5  6  7  8  9 10 11 12 |
---------------+-------------------------------------+-----
Earth Magic    | 4 5 6 7 9 11 12 13 | 13.8
Conjurations   | 2 4 5 7 9 10 11 12 | 12.5
Spellcasting   | 6 9 |  9.2
Dodging        | 6 8 |  8.7
Shields        | 3 |  3.5
Stealth        | |  2.4
Transmutations | |  1.1

Action                   |  1- 3 |  4- 6 |  7- 9 | 10-12 || total
-------------------------+-------+-------+-------+-------++-------
Melee: Dagger            |    30 |    25 |       |       ||    55
       Rapier            |       |    19 |     6 |       ||    25
       Whip              |       |       |     2 |     7 ||     9
       Staff             |       |       |       |     1 ||     1
 Cast: Sandblast         |    25 |       |       |       ||    25
       Stone Arrow       |    17 |    71 |   152 |   231 ||   471
       Lee's Rapid Decon |       |       |     6 |    56 ||    62
  Use: Scroll            |       |       |       |    11 ||    11
       Potion            |       |       |       |     3 ||     3
 Stab: Sleeping          |     4 |       |       |       ||     4
  Eat: Chunk             |     6 |    15 |    11 |    21 ||    53
       Ration            |       |       |     2 |     3 ||     5
Armor: Robe              |    13 |    18 |     7 |    12 ||    50
Dodge: Dodged            |    35 |    66 |    25 |    65 ||   191
Block: Buckler           |       |       |       |    14 ||    14
